 Dungeon Crawl Stone Soup version 0.17-a0-1989-gfb2cd5c (webtiles) character file.

4189 Ordine the Fighter (level 10, -7/77 HPs)
             Began as an Octopode Fighter on Oct 7, 2015.
             Was an Initiate of Dithmenos.
             Mangled by Ordine's ghost (12 damage)
             ... on level 8 of the Dungeon.
             The game lasted 00:33:25 (10758 turns).

Ordine the Fighter (Octopode Fighter)              Turns: 10758, Time: 00:33:25

Health: -7/77      AC:  1    Str: 15    XL:     10   Next: 29%
Magic:  10/10      EV: 11    Int: 11    God:    Dithmenos [......]
Gold:   413        SH: 10    Dex: 15    Spells: 0 memorised, 9 levels left

rFire  + . .     SeeInvis .     a - +1 long sword
rCold  . . .     Clarity  .     b - +1 shield
rNeg   . . .     SustAt   .     (helmet restricted)
rPois  .         Gourm    .     (no amulet)
rElec  .         Spirit   .     e - ring of protection from fire
rCorr  .         Warding  .     (no ring)
rMut   .         Stasis   .     (no ring)
MR     .....                    (no ring)
Stlth  ++........               (no ring)
                                (no ring)
                                (no ring)
                                (no ring)

@: not resistant to hostile enchantments, unstealthy
A: almost no armour, amphibious, 8 rings, constrict 8, camouflage 1, gelatinous
body 1
a: Renounce Religion


You were on level 8 of the Dungeon.
You worshipped Dithmenos.
Dithmenos was noncommittal.
You were very hungry.

You visited 2 branches of the dungeon, and saw 9 of its levels.

You collected 413 gold pieces.

Inventory:

Hand Weapons
 a - a +1 long sword (weapon)
Missiles
 k - 371 stones
 o - 40 poisoned needles
 p - 10 tomahawks (quivered)
Armour
 b - a +1 shield (worn)
Jewellery
 e - a ring of protection from fire (left tentacle)
Wands
 t - a wand of draining (12)
Scrolls
 c - 4 scrolls of enchant weapon
 g - a scroll of fog
 n - 6 scrolls of remove curse
 y - a scroll of enchant armour
Potions
 h - 2 potions of resistance
 j - a potion of degeneration {unknown}
 q - 2 potions of agility {unknown}
 r - a potion of cancellation {unknown}
 s - 3 potions of brilliance
 u - a potion of haste {unknown}
 v - a potion of magic {unknown}
 w - a potion of poison {unknown}
 x - a potion of flight {unknown}
 A - 2 potions of ambrosia {unknown}
 B - 2 potions of curing
Books
 C - a book of Unlife

   Spells                             Type                      Level
   a - Recall                         Summoning/Translocation      3
   b - Animate Dead                   Necromancy                   4
   c - Control Undead                 Necromancy                   4
   d - Cigotuvi's Embrace             Necromancy                   5
   e - Death Channel                  Necromancy                   6
   f - Simulacrum                     Ice/Necromancy               6
Comestibles
 d - 4 bread rations
 f - 6 meat rations
 i - a royal jelly
 m - a beef jerky
 z - 3 slices of pizza


   Skills:
 + Level 10.7 Fighting
 + Level 10.5 Long Blades
 - Level 3.0 Dodging
 - Level 3.0 Shields


You had 9 spell levels left.
You didn't know any spells.

Dungeon Overview and Level Annotations

Branches:
Dungeon (8/15)             Temple (1/1) D:6
   Lair: D:8-11

Altars:
Ashenzari
Cheibriados
Dithmenos
Elyvilon
Fedhas
Kikubaaqudgha
Makhleb
Nemelex Xobeh
Okawaru
Qazlal
Ru
Sif Muna
Trog
Vehumet
Xom
Yredelemnul
Zin
The Shining One

Shops:
D:5 %

Annotations:
D:8 Ordine's ghost, novice OpFi


Innate Abilities, Weirdness & Mutations

You cannot wear most types of armour.
You are amphibious.
You can wear up to eight rings at the same time.
You can use your tentacles to constrict eight enemies at once.
Your skin changes colour to match your surroundings (Stealth).
Your rubbery body absorbs attacks (AC +1).


Message History

You slash Ordine's ghost!
You squeeze Ordine's ghost, but do no damage.
Ordine's ghost is almost destroyed.
Ordine's ghost closely misses you.
You closely miss Ordine's ghost.
Ordine's ghost is almost destroyed.
Ordine's ghost barely misses you.
You hit Ordine's ghost but do no damage.
Ordine's ghost is almost destroyed.
Ordine's ghost hits you!
* * * LOW HITPOINT WARNING * * *
You barely miss Ordine's ghost.
You squeeze Ordine's ghost, but do no damage.
Ordine's ghost is almost destroyed.
Ordine's ghost hits you!
* * * LOW HITPOINT WARNING * * *
You barely miss Ordine's ghost.
Ordine's ghost is almost destroyed.
Ordine's ghost hits you!
You die...

.................
.................
.................
.................
###.....######### #.....#
#.....# ##/....######
#......W@...#
#......####.# #......#
#.# .## #......#
#.##########...
#....######.#............
###### #^................
#.................
#.................
#.................


You could see Ordine's ghost.

Vanquished Creatures
  The ghost of Banto the Ruffian, a novice NaTm (D:7)
  Grinder (D:6)
  Sigmund (D:6)
  A hippogriff (D:7)
  The ghost of Ordine the Skirmisher, an amateur OpFi (D:3)
  Edmund (D:6)
  Duvessa (D:6)
  3 orc warriors (D:6)
  3 phantoms
  A sky beast (D:5)
  A wasp (D:7)
  2 ogres
  5 big kobolds
  3 centaurs
  3 giant frogs
  Dowan (D:6)
  3 wights (D:6)
  3 crimson imps
  A jelly (D:8)
  2 centaur zombies
  2 giant frog skeletons
  A hound (D:4)
  A quasit (D:7)
  2 orc priests (D:6)
  An iron imp (D:5)
  An iguana (D:5)
  11 worker ants
  3 hound skeletons
  A worker ant zombie (D:5)
  8 gnolls
  7 adders
  2 shadow imps
  3 worms
  An adder skeleton (D:6)
  8 giant geckos
  28 orcs
  7 giant cockroaches
  38 goblins
  25 hobgoblins
  4 jackals (D:3)
  5 quokkas
  A ball python (D:6)
  3 bats
  A giant cockroach zombie (D:6)
  9 giant newts
  A jackal zombie (D:6)
  15 kobolds
  6 rats
  A spectral orc (D:5)
234 creatures vanquished.

Notes
Turn   | Place    | Note
--------------------------------------------------------------
     0 | D:1      | Ordine the Octopode Fighter began the quest for the Orb.
     0 | D:1      | Reached XP level 1. HP: 16/16 MP: 1/1
   183 | D:1      | Reached XP level 2. HP: 21/21 MP: 2/2
   784 | D:2      | Reached XP level 3. HP: 23/26 MP: 3/3
  1353 | D:2      | Reached XP level 4. HP: 25/33 MP: 4/4
  1523 | D:2      | You fall through a shaft!
  1863 | D:3      | Found a bloodstained altar of Trog.
  1973 | D:3      | Noticed Ordine's ghost (amateur OpFi)
  1985 | D:3      | Killed Ordine's ghost
  1985 | D:3      | Reached skill level 4 in Fighting
  1985 | D:3      | Reached XP level 5. HP: 5/38 MP: 5/5
  2483 | D:4      | Reached XP level 6. HP: 30/45 MP: 6/6
  2486 | D:4      | Reached skill level 5 in Fighting
  2613 | D:4      | Reached skill level 5 in Long Blades
  2915 | D:4      | Found a glowing golden altar of the Shining One.
  3100 | D:4      | Noticed a phantom
  3123 | D:4      | Killed a phantom
  3123 | D:4      | Reached XP level 7. HP: 36/51 MP: 7/7
  3621 | D:5      | Entered Level 5 of the Dungeon
  3622 | D:5      | Reached skill level 6 in Fighting
  3637 | D:5      | HP: 2/52 [goblin/stone (6)]
  4140 | D:5      | Found Arankim's Food Boutique.
  4678 | D:5      | Found a radiant altar of Vehumet.
  4728 | D:5      | Found a basalt altar of Yredelemnul.
  4827 | D:5      | Reached XP level 8. HP: 52/58 MP: 8/8
  4836 | D:5      | Found a snail-covered altar of Cheibriados.
  4887 | D:5      | Reached skill level 7 in Fighting
  6449 | D:5      | Reached skill level 8 in Fighting
  6666 | D:6      | Noticed Duvessa
  6683 | D:6      | Killed Duvessa
  6683 | D:6      | Reached XP level 9. HP: 56/67 MP: 9/9
  6696 | D:6      | Noticed Dowan
  6706 | D:6      | Killed Dowan
  7050 | D:6      | Noticed Grinder
  7129 | D:6      | Killed Grinder
  7129 | D:6      | Reached skill level 9 in Fighting
  8099 | D:6      | Noticed Edmund
  8153 | D:6      | Killed Edmund
  8278 | D:6      | Noticed Sigmund
  8338 | D:6      | Killed Sigmund
  8374 | D:6      | Reached skill level 10 in Fighting
  8658 | D:6      | Found a snail-covered altar of Cheibriados.
  8658 | D:6      | Found a shadowy altar of Dithmenos.
  8664 | D:6      | Became a worshipper of Dithmenos the Shadowed
  8725 | D:6      | Reached XP level 10. HP: 38/76 MP: 10/10
  8927 | D:6      | Found a staircase to the Ecumenical Temple.
  8953 | D:6      | Reached skill level 10 in Long Blades
  8964 | Temple   | Entered the Ecumenical Temple
  9617 | D:7      | Found a deep blue altar of Sif Muna.
  9769 | D:7      | Noticed Banto's ghost (novice NaTm)
  9791 | D:7      | Killed Banto's ghost
 10727 | D:8      | Noticed Ordine's ghost (novice OpFi)
 10758 | D:8      | Mangled by Ordine's ghost

Vault maps used:
D:1:      tarquinn_simple_flora_water_f
D:3:      overflow_temple_1_default
D:4:      tso_metal_star, grunt_ministairs_5
D:5:      minmay_goblin_kobold_castle, yredelemnul_forgotten_temple_becter,
          vehumet_altar_wand_db, first_bread, serial_shops, shop,
          kennysheep_decorative_pillar, serial_bayou_pond_e, chei_slow_surprise
D:6:      gammafunk_temple_overflow_wave, minmay_temple_entry_hall,
          minmay_misc_feat_encased, uniq_sigmund, uniq_duvessa, uniq_edmund,
          uniq_grinder
D:7:      basic_altar
D:8:      kennysheep_little_box, basic_altar
Temple:   circular_temple_12

Action                   |  1- 3 |  4- 6 |  7- 9 | 10-12 || total
-------------------------+-------+-------+-------+-------++-------
Melee: Long sword        |    82 |    90 |   327 |   106 ||   605
       Unarmed           |       |       |    13 |       ||    13
Throw: Stone             |     7 |     2 |     5 |       ||    14
       Tomahawk          |       |     6 |    17 |     8 ||    31
  Use: Potion            |       |     2 |     5 |     3 ||    10
       Scroll            |       |     7 |     9 |     3 ||    19
 Stab: Sleeping          |     7 |     5 |     5 |     3 ||    20
       Distracted        |       |       |     1 |       ||     1
  Eat: Chunk             |     1 |     6 |    18 |     5 ||    30
